Map: Alcyone LE

Players

A.I. 1 (Very Easy)

  • Race: Protoss Protoss
  • Spawn Location: 1:00

saixy - Winner!

  • Race: Terran Terran
  • Spawn Location: 7:00

VOD

Have the link to the VOD?

Description

Time

  • Played on: Nov. 9, 2023, 4:37 a.m.
  • Length: 6:59
Show
View Real Time Build Order
Export as new Build Order

A.I. 1 (Very Easy) Protoss 

Build Orders: 1 Gate Expand, Nexus First 

Get SALT Encoding   

  12  0:00  Probe  
  13  0:13  Probe  
  14  0:19  Pylon  
  14  0:42  Gateway  
  14  1:01  Nexus  
  14  1:19  Pylon  
  14  1:21  Zealot  
  14  1:23  Assimilator  
  16  1:33  Probe  
  16  1:36  Cybernetics Core  
  17  1:42  Probe  
  18  1:52  Probe  
  19  2:01  Probe  
  19  2:04  Assimilator  
  19  2:07  Stalker  
  20  2:09  Probe  
  23  2:16  Warp Gate  
  23  2:21  Probe  
  24  2:28  Probe  
  25  2:35  Probe  
  25  2:42  Probe  
  26  2:54  Probe  
  26  2:57  Assimilator  
  27  2:59  Pylon  
  27  3:00  Probe  
  28  3:09  Probe  
  28  3:12  Probe  
  30  3:20  Robotics Facility  
  30  3:23  Probe  
  31  3:31  Probe  
  31  3:32  Adept  
  34  3:38  Probe  
  35  3:45  Probe  
  36  3:52  Probe  
  37  3:59  Probe  
  38  4:05  Observer  
  38  4:06  Probe  
  40  4:10  Probe  
  41  4:20  Observer  
  41  4:21  Probe  
  42  4:25  Assimilator, Probe  
  44  4:35  Probe  
  45  4:39  Pylon  
  45  4:42  Probe  
  46  4:50  Sentry, Probe  
  49  4:57  Probe  
  50  5:07  Immortal  
  45  5:22  Probe  
  45  5:25  Pylon  
  38  5:29  Probe  
  29  5:36  Probe  
  29  5:48  Immortal  
  33  5:50  Probe  
  34  6:02  Probe  
  31  6:08  Pylon  
  27  6:13  Probe  
  26  6:21  Probe  
  24  6:29  Probe  
Show
View Real Time Build Order
Export as new Build Order

saixy Terran - Winner!

Build Orders: Reaper Expand 

Get SALT Encoding   

  12  0:00  SCV  
  13  0:12  SCV  
  14  0:17  Supply Depot  
  14  0:24  SCV  
  15  0:38  SCV  
  15  0:40  Barracks  
  16  0:46  Refinery  
  16  0:50  SCV  
  17  1:03  SCV  
  18  1:15  SCV  
  19  1:27  Orbital Command  
  19  1:28  Reaper  
  20  1:39  Command Center  
  20  1:50  Barracks  
  20  1:54  SCV  
  20  2:00  Barracks Reactor  
  21  2:06  SCV  
  22  2:13  Supply Depot  
  22  2:18  SCV  
  22  2:20  Barracks  
  23  2:34  SCV  
  24  2:39  Barracks Tech Lab  
  24  2:44  Marine  
  24  2:45  Marine  
  24  2:46  SCV  
  26  2:52  Orbital Command  
  26  2:58  SCV  
  26  3:01  Stimpack, Marine  
  26  3:02  Marine  
  26  3:03  Marine  
  30  3:05  Refinery  
  30  3:07  Barracks Tech Lab  
  30  3:11  SCV  
  31  3:19  Marine  
  32  3:20  Marine x2  
  32  3:25  Marine  
  32  3:26  Combat Shield  
  35  3:29  SCV x2  
  35  3:32  Engineering Bay  
  37  3:37  Marine  
  37  3:38  Marine x2  
  37  3:41  SCV  
  41  3:44  Marauder  
  41  3:46  SCV  
  44  3:50  Supply Depot  
  44  3:55  SCV  
  44  3:58  SCV  
  44  4:01  Terran Infantry Weapons Level 1, Supply Depot  
  46  4:11  Marine x2  
  46  4:12  Marauder x2  
  46  4:13  SCV  
  53  4:20  SCV  
  53  4:21  Factory  
  54  4:24  Refinery  
  54  4:27  SCV  
  54  4:29  Marine x2  
  57  4:33  Marauder  
  57  4:36  Marauder  
  61  4:41  Concussive Shells  
  61  4:43  Supply Depot, SCV  
  62  4:51  Bunker  
  62  5:02  Supply Depot  
  62  5:05  Marauder, SCV x2, Marine x2  
  68  5:13  Marauder  
  67  5:14  Starport  
  67  5:17  Factory Reactor, SCV x2  
  69  5:27  Marauder  
  69  5:28  Supply Depot  
  71  5:29  SCV x2  
  71  5:35  Marauder  
  75  5:41  SCV  
  75  5:42  Supply Depot  
  76  5:47  SCV  
  76  5:49  Marauder  
  79  5:53  SCV  
  79  5:56  Marauder  
  82  6:00  Command Center, SCV  
  82  6:01  Factory Reactor, Supply Depot  
  83  6:07  Medivac  
  83  6:09  Medivac  
  83  6:11  SCV, Marauder  
  90  6:14  Refinery  
  90  6:18  Supply Depot  
  90  6:20  SCV  
  90  6:22  Supply Depot  
  90  6:25  SCV  
  92  6:32  Barracks x2, SCV  
  92  6:37  SCV  
  95  6:44  SCV  
  99  6:50  Engineering Bay  
  99  6:51  Armory  
  99  6:53  Supply Depot  
Tags
 
Add a new tag
Caveats
  • Supply blocks, unpowered buildings, or Contaminate may cause inaccurate times.
  • Supply counts are checked every 10 seconds.